 Dungeon Crawl Stone Soup version 0.29-a0-892-g2c4c91d9db (webtiles) character file.

Game seed: 16851057581244099239

221 DistractedDog the Cutter (level 5, -1/46 HPs)
             Began as a Draconian Berserker on July 18, 2022.
             Was a Believer of Trog.
             Slain by a small abomination (12 damage)
             ... on level 1 of the Abyss on July 22, 2022.
             The game lasted 00:28:51 (2855 turns).

DistractedDog the Cutter (Draconian Berserker)      Turns: 2855, Time: 00:28:52

Health: -1/46      AC:  8    Str: 21    XL:     5   Next: 65%
Magic:  5/5        EV: 12    Int:  8    God:    Trog [**....]
Gold:   162        SH:  0    Dex: 10    Spells: 4/4 levels left

rFire   + . .      SeeInvis .   c - +0 short sword
rCold   . . .      Faith    .   (no shield)
rNeg    . . .      Spirit   .   (body armour unavailable)
rPois   .          Reflect  .   (helmet restricted)
rElec   .          Harm     .   r - +1 cloak
rCorr   .          Rampage  .   g - +0 pair of gloves
Will    .....                   (no boots)
Stlth   +.........              (no amulet)
HPRegen 0.15/turn               h - +4 ring of slaying
MPRegen 0.09/turn               e - ring of protection from fire

@: no status effects
A: AC +5, unfitting armour, cold-blooded
a: Renounce Religion, Berserk, Trog's Hand


You were on level 1 of the Abyss.
You worshipped Trog.
Trog was pleased with you.
You visited 1 branch of the dungeon, and saw 3 of its levels.
You visited the Abyss 1 time.

You collected 162 gold pieces.

Inventory:

Hand Weapons
 a - a +0 short sword
 c - a +0 short sword (weapon)
Missiles
 b - 3 javelins
 l - 5 poisoned darts (quivered)
Armour
 g - a +0 pair of gloves (worn)
 m - a +0 leather armour
 q - a +0 cloak
 r - a +1 cloak (worn)
Jewellery
 e - a ring of protection from fire (right hand)
 h - a +4 ring of slaying (left hand)
Wands
 o - a wand of flame (12)
Scrolls
 d - 3 scrolls of vulnerability
 f - a scroll of fog {unknown}
 i - a scroll of magic mapping {unknown}
 k - 2 scrolls of noise {unknown}
 n - a scroll of silence {unknown}
 s - a scroll of fear {unknown}
 u - 3 scrolls of teleportation {unknown}
 x - a scroll of immolation {unknown}
Potions
 j - a potion of curing
 p - a potion of heal wounds
 t - a potion of flight {unknown}
 v - a potion of berserk rage {unknown}
 w - a potion of resistance {unknown}
 z - a potion of invisibility {unknown}
 A - a potion of attraction {unknown}


   Skills:
 + Level 4.0 Fighting
 + Level 4.8 Short Blades
 + Level 1.5 Throwing
 + Level 3.6 Dodging
 + Level 0.5 Stealth
 + Level 0.1 Evocations


You had 4 spell levels left.
You didn't know any spells.
Your spell library contained the following spells:

 Spells                   Type           Power      Damage    Failure   Level
 Slow                     Hex            0%         N/A       41%         1
 Confusing Touch          Hex            0%         N/A       78%         3
 Vampiric Draining        Necr           0%         2d6       78%         3


Dungeon Overview and Level Annotations

Branches:
Dungeon (3/15)

Altars:
Lugonu

Portals:
Abyss: D:3

Annotations:
D:2 1 runed translucent door, Crazy Yiuf


Innate Abilities, Weirdness & Mutations

Your plain brown scales are hard. (AC +5)
You cannot fit into any form of body armour.
You are cold-blooded and may be slowed by cold attacks.


Message History

The dart slug launches a dart at you. The slug dart hits you.
You hit the dart slug.
You kill the dart slug!
Trog accepts your kill.
A - a white potion Done exploring.
Items here: ( ))).
There is a large open translucent door here.
You see here a +1 short sword of distortion.
There is a one-way gate to the infinite horrors of the Abyss here.
You start waiting.
Done waiting.
If you enter this portal you might not be able to return immediately.
Continue?
Uppercase [Y]es or [N]o only, please.
If you enter this portal you might not be able to return immediately.
Continue?
This branch contains the abyssal rune of Zot.
Found a corrupted altar of Lugonu.
Found a corrupted altar of Lugonu.
There is a corrupted altar of Lugonu here.
A small abomination comes into view.
You hit the small abomination. You tail-slap the small abomination.
The small abomination is moderately damaged.
You hit the small abomination. You tail-slap the small abomination.
The small abomination is severely damaged.
The small abomination hits you.
You hit the small abomination but do no damage.
The small abomination is severely damaged.
The small abomination hits you!
You hit the small abomination.
The small abomination is almost destroyed.
The small abomination hits you!
You hit the small abomination.
The small abomination is almost destroyed.
The small abomination hits you.
* * * LOW HITPOINT WARNING * * *
You barely miss the small abomination.
The small abomination is almost destroyed.
The small abomination hits you!
You die...

. ..### .. #. #
..≈♣ . . .# #####
.##..## ≈≈≈≈ #
.....
......#....# . .
......
..####....#....#
. ...# .
.####..#...#.#..#
.. ..#.####....#
.# #......#.....#
. #.......#.# .
#.##x@##.#.# #.##
.... ..# ...#
...# ...# ...#. .
..# .. # #.#. #


You could see a small abomination.

Vanquished Creatures
  A jelly (D:3)
  An orc priest (D:3)
  4 gnolls (D:3)
  3 adders
  4 worms
  A dart slug (D:3)
  4 orcs (D:3)
  A ball python (D:2)
  6 bats
  4 endoplasms
  3 giant cockroaches
  13 goblins
  6 hobgoblins
  6 jackals
  9 kobolds
  5 quokkas
  3 rats
74 creatures vanquished.

Notes
Turn   | Place    | Note
-------+----------+-------------------------------------------
     0 | D:1      | DistractedDog the Draconian Berserker began the quest for
                  | the Orb.
     0 | D:1      | Reached XP level 1. HP: 19/19 MP: 1/1
   233 | D:1      | Reached XP level 2. HP: 19/26 MP: 2/2
   233 | D:1      | Upgraded the game from 0.29-a0-872-g797fff5ad1 to
                  | 0.29-a0-892-g2c4c91d9db
   747 | D:2      | Reached ** piety under Trog
   776 | D:2      | Reached XP level 3. HP: 33/33 MP: 3/3
  1254 | D:2      | Found a runed translucent door.
  1255 | D:2      | Noticed Crazy Yiuf
  1439 | D:3      | Reached skill level 1 in Throwing
  1448 | D:3      | Found a one-way gate to the infinite horrors of the Abyss.
  1467 | D:3      | Reached XP level 4. HP: 27/40 MP: 4/4
  1625 | D:3      | Reached XP level 5. HP: 17/46 MP: 5/5
  1842 | D:3      | Found a large runed translucent door.
  1843 | D:3      | Found a large runed translucent door.
  1845 | D:3      | Found a corrupted altar of Lugonu.
  2814 | D:3      | Voluntarily entered the Abyss.
  2818 | Abyss:1  | Found a corrupted altar of Lugonu.
  2820 | Abyss:1  | Found a corrupted altar of Lugonu.
  2855 | Abyss:1  | Slain by a small abomination

Illustrated notes

Levels and vault maps discovered:
D:1:      lightli_arrival_quake, layout_basic, kennysheep_decorative_pillar
D:2:      layout_loops_corners, uniq_crazy_yiuf_cottage
D:3:      due_chaos_kobolds, layout_loops_ring
Abyss:1:  base:
D:1

Skill      XL: |  1  2  3  4 |
---------------+-------------+-----
Dodging        | 3 |  3.6
Throwing       | 1 |  1.5
Fighting       | 4 |  4.0
Short Blades   | 4 |  4.8
Stealth        | |  0.5
Evocations     | |  0.1

Action                   |  1- 3 |  4- 6 || total
-------------------------+-------+-------++-------
Melee: Short sword       |   113 |   106 ||   219
       Tailslap          |    10 |    14 ||    24
Throw: Javelin           |    18 |       ||    18
       Dart              |       |     3 ||     3
Evoke: Wand              |       |     1 ||     1
  Use: Scroll            |     2 |     1 ||     3
       Potion            |       |     1 ||     1
 Stab: Sleeping          |       |     1 ||     1
Armor: Skin              |    42 |    37 ||    79
Dodge: Dodged            |    72 |    54 ||   126

Table legend: (Time is in decaauts)
 A = Elapsed time spent in this place.
 B = Non-inter-level travel time spent in this place.
 C = Inter-level travel time spent in this place.
 D = Time resting spent in this place.
 E = Time spent auto-exploring this place.
 F = Levels seen in this place.
 G = Mean time per level.
                   A        B        C        D        E       F      G
               +--------+--------+--------+--------+--------+-----+--------+
         Total |   2844 |   2794 |     50 |    376 |    860 |   4 |  711.0 |
       Dungeon |   2804 |   2754 |     50 |    376 |    860 |   3 |  934.7 |
         Abyss |     40 |     40 |      0 |      0 |      0 |   1 |   40.0 |
               +--------+--------+--------+--------+--------+-----+--------+

Top non-repeatable levels by time:
     D:3: 1375 daAuts
     D:2: 804 daAuts
     D:1: 624 daAuts
 Abyss:1: 40 daAuts
